PCL
HOUSTON HAMMERTIME @ GRESHAM GOLD SOULS
06/20/2029
 
TOP OF THE 1ST
Houston Hammertime batting - Pitching for Gresham Gold Souls : RHP Tim Cameron
Pitching: RHP Tim Cameron
Batting: RHB Jorge Barbosa 0-0: Ball
1-0: Ball
2-0: Called Strike
2-1: Ball
3-1: Base on Balls
Batting: LHB David Adams 0-0: Ball
1-0: Called Strike
1-1: Ground out 6-3 (Groundball, 6S)
Jorge Barbosa to second
Batting: LHB Francisco Cardenas 0-0: Called Strike
0-1: Called Strike
0-2: Foul Ball, location: 2F
0-2: Strikes out swinging
Batting: RHB Santo Cruz 0-0: Ground out 6-3 (Groundball, 6)
Top of the 1st over - 0 runs, 0 hits, 0 errors, 1 left on base; Houston 0 - Gresham 0
BOTTOM OF THE 1ST
Gresham Gold Souls batting - Pitching for Houston Hammertime : RHP António Galindo
Pitching: RHP António Galindo
Batting: LHB Bill Smith 0-0: Ball
1-0: Ball
2-0: Called Strike
2-1: Called Strike
2-2: Fly out, F8 (Flyball, 8LD)
Batting: RHB Augusto Baiano 0-0: Called Strike
0-1: Ball
1-1: Ground out 4-3 (Groundball, 4)
Batting: RHB Luis Gonzáles 0-0: Fly out, F7 (Flyball, 7)
Bottom of the 1st over - 0 runs, 0 hits, 0 errors, 0 left on base; Houston 0 - Gresham 0
TOP OF THE 2ND
Houston Hammertime batting - Pitching for Gresham Gold Souls : RHP Tim Cameron
Batting: RHB David Hernández 0-0: Ball
1-0: Foul Ball, location: 2F
1-1: SOLO HOME RUN (Flyball, 7D), Distance : 394 ft
Batting: RHB Ron Elazar 0-0: Called Strike
0-1: Swinging Strike
0-2: Ground out 6-3 (Groundball, 6)
Batting: LHB Raúl Casillán 0-0: Foul Ball, location: 2F
0-1: Foul Ball, location: 2F
0-2: Ball
1-2: Ball
2-2: Ground out 4-3 (Groundball, 4)
Batting: RHB Alfredo Cortéz 0-0: SINGLE (Groundball, 6MD)
Batting: LHB António Camacho 0-0: Ball
1-0: SINGLE (Line Drive, 89S)
Alfredo Cortéz to second
Batting: RHB Jorge Barbosa 0-0: Ball
1-0: SINGLE (Flyball, 89S)
Alfredo Cortéz to third
António Camacho to second
Throwing error, E8
Alfredo Cortéz scores
António Camacho to third
Jorge Barbosa to second
Batting: LHB David Adams 0-0: DOUBLE (Line Drive, 7LS)
António Camacho scores
Jorge Barbosa scores
Batting: LHB Francisco Cardenas 0-0: Ball
1-0: Called Strike
1-1: SINGLE (Groundball, 6D)
David Adams to third
Runner from 3rd tries for Home, SAFE, throw made home
Batting: RHB Santo Cruz 0-0: Ball
1-0: Swinging Strike
1-1: Foul Ball, location: 2F
1-2: Ball
2-2: SINGLE (Groundball, 6) (infield hit)
Francisco Cardenas to second
Batting: RHB David Hernández 0-0: Ball
1-0: Swinging Strike
1-1: Fly out, F8 (Line Drive, 8LM)
Top of the 2nd over - 5 runs, 7 hits, 1 error, 2 left on base; Houston 5 - Gresham 0
BOTTOM OF THE 2ND
Gresham Gold Souls batting - Pitching for Houston Hammertime : RHP António Galindo
Batting: RHB Alberto Chávez 0-0: Ball
1-0: Ball
2-0: Ball
3-0: Called Strike
3-1: Ground out 5-3 (Groundball, 56)
Batting: LHB Millard Dye 0-0: Ball
1-0: Ball
2-0: Called Strike
2-1: Ball
3-1: Swinging Strike
3-2: Strikes out swinging
Batting: LHB Ezechiele Bruno 0-0: Ball
1-0: Fly out, F3 (Popup, 34S)
Bottom of the 2nd over - 0 runs, 0 hits, 0 errors, 0 left on base; Houston 5 - Gresham 0
TOP OF THE 3RD
Houston Hammertime batting - Pitching for Gresham Gold Souls : RHP Tim Cameron
Batting: RHB Ron Elazar 0-0: Ball
1-0: Foul Ball, location: 2F
1-1: Ball
2-1: Ball
3-1: Ground out U3 (Groundball, 34)
Batting: LHB Raúl Casillán 0-0: Ball
1-0: Called Strike
1-1: Ball
2-1: Foul Ball, location: 2F
2-2: Ball
3-2: Strikes out swinging
Batting: RHB Alfredo Cortéz 0-0: Ball
1-0: Ball
2-0: Foul Ball, location: 2F
2-1: SINGLE (Groundball, 4MD)
Batting: LHB António Camacho 0-0: Ball
1-0: Called Strike
1-1: Called Strike
1-2: Strikes out swinging
Top of the 3rd over - 0 runs, 1 hit, 0 errors, 1 left on base; Houston 5 - Gresham 0
BOTTOM OF THE 3RD
Gresham Gold Souls batting - Pitching for Houston Hammertime : RHP António Galindo
Batting: SHB Todd Smith 0-0: Swinging Strike
0-1: Fly out, F8 (Flyball, 8RD)
Batting: RHB Jaime Rodríguez 0-0: Fly out, F9 (Flyball, 9S)
Batting: SHB Francis Shaffer 0-0: Fly out, F7 (Flyball, 7S)
Bottom of the 3rd over - 0 runs, 0 hits, 0 errors, 0 left on base; Houston 5 - Gresham 0
TOP OF THE 4TH
Houston Hammertime batting - Pitching for Gresham Gold Souls : RHP Tim Cameron
Batting: RHB Jorge Barbosa 0-0: Foul Ball, location: 2F
0-1: Swinging Strike
0-2: Ball
1-2: Ball
2-2: Ball
3-2: Base on Balls
Batting: LHB David Adams 0-0: Fielders Choice at 2nd, 5-4 (Groundball, 5)
Batting: LHB Francisco Cardenas 0-0: Foul Ball, location: 2F
0-1: Ball
1-1: Ball
David Adams is caught stealing 2nd base
2-1: Called Strike
2-2: Ball
3-2: Base on Balls
Batting: RHB Santo Cruz 0-0: Swinging Strike
0-1: Ball
1-1: Ball
2-1: Swinging Strike
2-2: Strikes out swinging
Top of the 4th over - 0 runs, 0 hits, 0 errors, 1 left on base; Houston 5 - Gresham 0
BOTTOM OF THE 4TH
Gresham Gold Souls batting - Pitching for Houston Hammertime : RHP António Galindo
Batting: LHB Bill Smith 0-0: Ball
1-0: Called Strike
1-1: Called Strike
1-2: Ball
2-2: Foul Ball, location: 2F
2-2: DOUBLE (Line Drive, 9LM)
Batting: RHB Augusto Baiano 0-0: Called Strike
0-1: Ball
1-1: Foul Ball, location: 2F
1-2: Ball
2-2: Strikes out looking
Batting: RHB Luis Gonzáles 0-0: Called Strike
0-1: Ball
1-1: Reached on error, E5 (Groundball, 56)
Bill Smith scores
Batting: RHB Alberto Chávez 0-0: Ball
1-0: Ball
2-0: Fly out, F7 (Line Drive, 7)
Batting: LHB Millard Dye 0-0: Ball
1-0: Called Strike
1-1: 2-RUN HOME RUN (Flyball, 7LD), Distance : 355 ft
Batting: LHB Ezechiele Bruno 0-0: Called Strike
0-1: Foul Ball, location: 2F
0-2: DOUBLE (Line Drive, 78XD)
Batting: SHB Todd Smith 0-0: Ball
1-0: Called Strike
1-1: Fly out, F6 (Flyball, 6MD)
Bottom of the 4th over - 3 runs, 3 hits, 1 error, 1 left on base; Houston 5 - Gresham 3
TOP OF THE 5TH
Houston Hammertime batting - Pitching for Gresham Gold Souls : RHP Tim Cameron
Pitching: RHP António Rodríguez
Batting: RHB David Hernández 0-0: Ball
1-0: Called Strike
1-1: SINGLE (Groundball, 6MD)
Batting: RHB Ron Elazar 0-0: Fly out, F9 (Line Drive, 9)
Batting: LHB Raúl Casillán 0-0: Called Strike
0-1: Swinging Strike
0-2: Strikes out swinging
Batting: RHB Alfredo Cortéz 0-0: Called Strike
0-1: Ball
1-1: Ball
2-1: Ball
3-1: Base on Balls
David Hernández to second
Batting: LHB António Camacho 0-0: Swinging Strike
0-1: Foul Ball, location: 2F
0-2: Ball
1-2: Ball
2-2: Strikes out looking
Top of the 5th over - 0 runs, 1 hit, 0 errors, 2 left on base; Houston 5 - Gresham 3
BOTTOM OF THE 5TH
Gresham Gold Souls batting - Pitching for Houston Hammertime : RHP António Galindo
Batting: RHB Jaime Rodríguez 0-0: Ball
1-0: Foul Ball, location: 2F
1-1: Foul Ball, location: 2F
1-2: Foul Ball, location: 2F
1-2: Strikes out looking
Batting: SHB Francis Shaffer 0-0: Called Strike
0-1: Swinging Strike
0-2: Strikes out looking
Batting: LHB Bill Smith 0-0: Ball
1-0: Ball
2-0: SINGLE (Groundball, 4MD)
Batting: RHB Augusto Baiano 0-0: Foul Ball, location: 2F
0-1: Ball
1-1: Ball
2-1: Ground out 6-3 (Groundball, 6S)
Bottom of the 5th over - 0 runs, 1 hit, 0 errors, 1 left on base; Houston 5 - Gresham 3
TOP OF THE 6TH
Houston Hammertime batting - Pitching for Gresham Gold Souls : RHP António Rodríguez
Batting: RHB Jorge Barbosa 0-0: Ball
1-0: Fly out, F7 (Flyball, 7D)
Batting: LHB David Adams 0-0: Called Strike
0-1: Foul Ball, location: 2F
0-2: Foul Ball, location: 2F
0-2: Fly out, F5 (Line Drive, 56)
Batting: LHB Francisco Cardenas 0-0: Foul Ball, location: 2F
0-1: Ball
1-1: Ball
2-1: Foul Ball, location: 2F
2-2: Ball
3-2: Base on Balls
Batting: RHB Santo Cruz 0-0: Called Strike
0-1: Ball
1-1: Fly out, F7 (Flyball, 7D)
Top of the 6th over - 0 runs, 0 hits, 0 errors, 1 left on base; Houston 5 - Gresham 3
BOTTOM OF THE 6TH
Gresham Gold Souls batting - Pitching for Houston Hammertime : RHP António Galindo
Batting: RHB Luis Gonzáles 0-0: Foul Ball, location: 2F
0-1: Ground out 6-3 (Groundball, 56)
Batting: RHB Alberto Chávez 0-0: Ground out U3 (Groundball, 3L)
Batting: LHB Millard Dye 0-0: Ball
1-0: Foul Ball, location: 2F
1-1: Foul Ball, location: 2F
1-2: SOLO HOME RUN (Flyball, 89XD), Distance : 432 ft
Batting: LHB Ezechiele Bruno 0-0: Called Strike
0-1: Foul Ball, location: 2F
0-2: Ball
1-2: Ball
2-2: Ball
3-2: Base on Balls
Batting: SHB Todd Smith 0-0: Called Strike
0-1: Ball
1-1: SINGLE (Line Drive, 6M)
Ezechiele Bruno to second
Batting: RHB Jaime Rodríguez 0-0: Ball
1-0: Called Strike
1-1: Ball
2-1: Ground out 6-3 (Groundball, 6S)
Bottom of the 6th over - 1 run, 2 hits, 0 errors, 2 left on base; Houston 5 - Gresham 4
TOP OF THE 7TH
Houston Hammertime batting - Pitching for Gresham Gold Souls : RHP António Rodríguez
Batting: RHB David Hernández 0-0: Ground out 4-3 (Groundball, 4)
Batting: RHB Ron Elazar 0-0: Ball
1-0: Ball
2-0: Ball
3-0: Base on Balls
Batting: LHB Raúl Casillán 0-0: Foul Ball, location: 2F
0-1: Ball
1-1: Grounds into double play, 4-6-3 (Groundball, 4)
Top of the 7th over - 0 runs, 0 hits, 0 errors, 0 left on base; Houston 5 - Gresham 4
BOTTOM OF THE 7TH
Gresham Gold Souls batting - Pitching for Houston Hammertime : RHP António Galindo
Batting: SHB Francis Shaffer 0-0: Ball
1-0: Ball
2-0: Foul Ball, location: 2F
Error on foul ball, E7
2-2: Ground out 4-3 (Groundball, 4)
Batting: LHB Bill Smith 0-0: Swinging Strike
0-1: Ball
1-1: Ground out 6-3 (Groundball, 6M)
Batting: RHB Augusto Baiano 0-0: Ball
1-0: Called Strike
1-1: Swinging Strike
1-2: SINGLE (Groundball, 4) (infield hit)
Pinch Hitting: LHB Nick Scott 0-0: Called Strike
0-1: Ball
1-1: Ball
2-1: Foul Ball, location: 2F
2-2: Ball
3-2: Ground out U3 (Groundball, 3)
Bottom of the 7th over - 0 runs, 1 hit, 1 error, 1 left on base; Houston 5 - Gresham 4
TOP OF THE 8TH
Houston Hammertime batting - Pitching for Gresham Gold Souls : RHP António Rodríguez
Now at SS: Adam Thomas
Batting: RHB Alfredo Cortéz 0-0: Ball
1-0: Ball
2-0: Ball
3-0: Base on Balls
Batting: LHB António Camacho 0-0: Ball
1-0: Bunted foul
1-1: Sac Bunt - play at second, runner OUT! 5-6
Pinch Hitting: LHB Marcos Cantú 0-0: Ball
António Camacho steals 2nd base
1-0: Intentional Walk
Pinch Hitting: SHB Glenn Vadnais 0-0: Swinging Strike
0-1: Foul Ball, location: 2F
0-2: Ball
1-2: Ball
2-2: Ball
3-2: Base on Balls
António Camacho to third
Marcos Cantú to second
Batting: LHB Francisco Cardenas 0-0: Called Strike
0-1: Foul Ball, location: 2F
0-2: Ball
1-2: Foul Ball, location: 2F
1-2: Ball
2-2: Ball
3-2: Grounds into double play, 5-2-3 (Groundball, 5)
Top of the 8th over - 0 runs, 0 hits, 0 errors, 2 left on base; Houston 5 - Gresham 4
BOTTOM OF THE 8TH
Gresham Gold Souls batting - Pitching for Houston Hammertime : RHP António Galindo
Pitching: RHP Jesús Mendoza
Now at SS: Juan Carlos
Now in LF: Dan Hooper
Now in CF: Dan Mason
Batting: RHB Alberto Chávez 0-0: Ball
1-0: Ball
2-0: Ball
3-0: Called Strike
3-1: Base on Balls
Pinch Runner at 1st Jermaine Carter:
Batting: LHB Millard Dye 0-0: Swinging Strike
0-1: Ball
1-1: Foul Ball, location: 2F
1-2: Ball
2-2: Ball
3-2: Base on Balls
Jermaine Carter to second
Batting: LHB Ezechiele Bruno 0-0: Ball
1-0: Swinging Strike
1-1: Called Strike
1-2: Ball
2-2: Foul Ball, location: 2F
2-2: Strikes out swinging
Batting: SHB Todd Smith 0-0: Called Strike
0-1: Foul Ball, location: 2F
0-2: Strikes out swinging
Batting: RHB Jaime Rodríguez 0-0: Fly out, F7 (Line Drive, 78M)
Bottom of the 8th over - 0 runs, 0 hits, 0 errors, 2 left on base; Houston 5 - Gresham 4
TOP OF THE 9TH
Houston Hammertime batting - Pitching for Gresham Gold Souls : RHP António Rodríguez
Batting: RHB Santo Cruz 0-0: Ball
1-0: Ground out 5-3 (Groundball, 56S)
Batting: RHB David Hernández 0-0: Foul Ball, location: 2F
0-1: Ball
1-1: Ball
2-1: Foul Ball, location: 2F
2-2: Fly out, F7 (Flyball, 7S)
Pitching: RHP Isaac Coleman
Batting: RHB Ron Elazar 0-0: Ball
1-0: Ball
2-0: Called Strike
2-1: Swinging Strike
2-2: Strikes out swinging
Top of the 9th over - 0 runs, 0 hits, 0 errors, 0 left on base; Houston 5 - Gresham 4
BOTTOM OF THE 9TH
Gresham Gold Souls batting - Pitching for Houston Hammertime : RHP Jesús Mendoza
Now at C: Victor Andrews
Batting: SHB Francis Shaffer 0-0: Called Strike
0-1: Ground out 4-3 (Groundball, 4)
Batting: LHB Bill Smith 0-0: Ball
1-0: Called Strike
1-1: Called Strike
1-2: SINGLE (Line Drive, 4)
Batting: RHB Augusto Baiano 0-0: Ball
1-0: Foul Ball, location: 2F
1-1: Called Strike
1-2: Foul Ball, location: 2F
1-2: Strikes out swinging
Batting: RHB Adam Thomas 0-0: Ball
1-0: Foul Ball, location: 2F
1-1: Ball
Passed Ball!
Bill Smith to second
2-1: Swinging Strike
2-2: Foul Ball, location: 2F
2-2: Ball
3-2: Strikes out swinging
Bottom of the 9th over - 0 runs, 1 hit, 0 errors, 1 left on base; Houston 5 - Gresham 4
Saturday, December 16th, 2017 - OOTP Baseball 18.8 Build 76